 Dungeon Crawl Stone Soup version 0.31-a0-675-g238779eb0a (webtiles) character file.

Game seed: 6921434361341056126

113 qw the Shooter (level 4, -7/28 HPs)
             Began as a Gargoyle Hunter on Sept 5, 2023.
             Was an Initiate of Okawaru.
             Mangled by an ice beast (13 damage)
             ... on level 4 of the Dungeon.
             The game lasted 00:00:49 (2070 turns).

qw the Shooter (Gargoyle Hunter)                    Turns: 2070, Time: 00:00:50

Health: -7/28      AC:  9    Str: 11 (14) XL:     4   Next: 96%
Magic:  4/4        EV: 15    Int:  8 (10) God:    Okawaru [......]
Gold:   134        SH:  0    Dex: 12 (15) Spells: 3/3 levels left

rFire   . . .        Y - +1 shortbow
rCold   . . .        (shield currently unavailable)
rNeg    + . .        h - +0 ring mail
rPois   inf          (no helmet)
rElec   +            (no cloak)
rCorr   .            c - +0 pair of gloves
SInv    .            (no boots)
Will    .....        (no amulet)
Stlth   +            a - +5 ring of evasion
HPRegen 0.24/turn    (no ring)
MPRegen 0.09/turn

%: no passive effects
@: no status effects
A: sickness immunity, AC +3, negative energy resistance 1, electricity
resistance, torment resistance 1, petrification resistance
a: Renounce Religion


You were on level 4 of the Dungeon.
You worshipped Okawaru.
Okawaru was noncommittal.
You visited 1 branch of the dungeon, and saw 4 of its levels.

You collected 134 gold pieces.


Innate Abilities, Weirdness & Mutations

You are immune to sickness and miasma.
Your stone body is resilient. (AC +3)
You are immune to poison.
You resist negative energy. (rN+)
You are resistant to electric shocks. (rElec)
You are resistant to unholy torment.
You are immune to petrification.


   Skills:
 - Level 3.4 Fighting
 + Level 5.4 Ranged Weapons
 - Level 1.2 Armour
 - Level 1.5 Dodging
 - Level 1.1 Stealth


You had 3 spell levels left.
You didn't know any spells.
Your spell library was empty.

Inventory:

Hand Weapons
 Y - a +1 shortbow (weapon)
Armour
 c - a +0 pair of gloves (worn)
 h - a +0 ring mail (worn)
Jewellery
 a - a +5 ring of evasion (left hand)
 e - a ring of ice
Scrolls
 i - a scroll of teleportation
Potions
 b - a potion of haste
 d - a potion of heal wounds {unknown}
 j - a potion of brilliance {unknown}
 k - a potion of might

Dungeon Overview and Level Annotations

Branches:
Dungeon (4/15)
 Temple: D:4-7

Altars:
Fedhas
Kikubaaqudgha
Okawaru
Yredelemnul


Message History

There was something very wrong with that liquid.
You feel weakened.
You feel dopey.
You feel clumsy.
Done exploring.
2036 ||| DROPPING potion of degeneration.
You drop a potion of degeneration.
Done exploring.
What level of the Dungeon? (default 3, ? - help)
There is an iron altar of Okawaru here.
There is a stone staircase leading down here.
You climb downwards.
Found 12 gold pieces.
There is a stone staircase leading up here.
Waypoint 3 assigned to D:4.
An ice beast comes into view.
The ice beast moves out of view.
Found a robe.
You see here 12 gold pieces.
You shoot an arrow. The arrow barely misses the ice beast.
You shoot an arrow. The arrow hits the ice beast.
The ice beast is lightly wounded.
You shoot an arrow. The arrow hits the ice beast.
The ice beast is lightly wounded.
An orc comes into view. It is wielding a +0 dagger.
You shoot an arrow. The arrow hits the ice beast.
The ice beast is moderately wounded.
The ice beast hits you. The ice beast freezes you.
The ice beast barely misses you.
You shoot an arrow. The arrow hits the ice beast.
The ice beast is moderately wounded.
The ice beast hits you but does no damage.
You shoot an arrow. The arrow barely misses the ice beast.
The ice beast hits you but does no damage.
You shoot an arrow. The arrow hits the ice beast.
The ice beast is heavily wounded.
The ice beast closely misses you.
You shoot an arrow. The arrow hits the ice beast.
The ice beast is severely wounded.
The ice beast hits you. The ice beast freezes you! The ice beast hits you.
The ice beast freezes you!
You die...

.#.......
........
...... #
#.#.. #.
#.#.# #..
#.o.#
#...#Y.###
#...@.<.#
#.......#
#.......#
#.......#
#.........
#.......##.
#........ [
#..#.###..


You could see an ice beast and an orc.

Vanquished Creatures
  A hound (D:3)
  2 adders
  A worm (D:3)
  A dart slug (D:3)
  An orc (D:3)
  4 endoplasms
  7 goblins
  4 hobgoblins
  4 jackals (D:2)
  11 kobolds
  A quokka (D:1)
  7 ball pythons
  2 bats
  4 frilled lizards
  9 rats
59 creatures vanquished.

Notes
Turn   | Place    | Note
-------+----------+-------------------------------------------
     0 | D:1      | qw the Gargoyle Hunter began the quest for the Orb.
     0 | D:1      | Reached XP level 1. HP: 12/12 MP: 1/1
     0 | D:1      | 0 ||| qw: Version: 0.3-a-75-g829b12e
     0 | D:1      | 0 ||| qw: Game counter: 112
     0 | D:1      | 0 ||| qw: Melee chars always use a shield: true
     0 | D:1      | 0 ||| qw: God list: Okawaru
     0 | D:1      | 0 ||| qw: Allow faded altars: false
     0 | D:1      | 0 ||| qw: Do Orc after clearing Dungeon:15 true
     0 | D:1      | 0 ||| qw: Do second Lair branch before Depths: true
     0 | D:1      | 0 ||| qw: Lair rune preference: random
     0 | D:1      | 0 ||| qw: Goals: Normal
     0 | D:1      | 0 ||| PLANNING D:1-11
    68 | D:1      | Reached XP level 2. HP: 17/17 MP: 2/2
   241 | D:1      | Reached XP level 3. HP: 21/21 MP: 3/3
   484 | D:1      | 484 ||| UPGRADING to +0 ring mail.
   494 | D:1      | 494 ||| DROPPING +0 leather armour.
   495 | D:1      | 495 ||| READING scroll labelled JANUCITIQA.
   496 | D:1      | 496 ||| READING scroll labelled BIYLUH KIARE.
   497 | D:1      | 497 ||| DRINKING 2 pink potions.
   498 | D:1      | 498 ||| DROPPING scroll of butterflies.
   499 | D:1      | 499 ||| DROPPING potion of attraction.
   719 | D:2      | Reached skill level 1 in Armour
   721 | D:2      | Reached skill level 5 in Ranged Weapons
   721 | D:2      | 721 ||| FLEEEEING.
   722 | D:2      | 722 ||| FLEEEEING.
   723 | D:2      | 723 ||| FLEEEEING.
  1493 | D:2      | 1493 ||| UPGRADING to +0 pair of gloves.
  1498 | D:2      | 1498 ||| READING 2 scrolls labelled LEUR RAHEFYUSH.
  1499 | D:2      | 1499 ||| READING scroll labelled SASHRU FISK.
  1502 | D:2      | 1502 ||| DROPPING scroll of vulnerability.
  1608 | D:3      | Reached skill level 3 in Fighting
  1608 | D:3      | Reached XP level 4. HP: 28/28 MP: 4/4
  1662 | D:3      | 1662 ||| FLEEEEING.
  1663 | D:3      | 1663 ||| FLEEEEING.
  1765 | D:3      | Found an ancient bone altar of Kikubaaqudgha.
  1781 | D:3      | Found a blossoming altar of Fedhas.
  1788 | D:3      | Found a basalt altar of Yredelemnul.
  1860 | D:3      | Found an iron altar of Okawaru.
  1861 | D:3      | 1861 ||| PLANNING OKAWARU WORSHIP
  1861 | D:3      | 1861 ||| UPGRADING to +5 ring of evasion.
  1862 | D:3      | 1862 ||| READING scroll labelled FUPNYE ZOBUP.
  1863 | D:3      | 1863 ||| DRINKING 2 clear potions.
  1864 | D:3      | 1864 ||| DRINKING 2 sapphire potions.
  1871 | D:3      | Became a worshipper of Warmaster Okawaru
  1872 | D:3      | 1872 ||| PLANNING D:1-11
  2035 | D:3      | 2035 ||| DRINKING 2 fuming blue potions.
  2036 | D:3      | 2036 ||| DROPPING potion of degeneration.
  2061 | D:4      | Noticed an ice beast
  2070 | D:4      | HP: 6/28 [ice beast (3)]
  2070 | D:4      | Mangled by an ice beast

Levels and vault maps discovered:
D:1:      scummos_arrival_checkerplants, layout_rooms, st_stairs_12,
          wander_ebering_terrifying_dragon_lair
D:2:      kb_forest_paths, layout_basic
D:3:      layout_basic, okawaru_metal_pillars_1_2, minitemple
D:4:      layout_rooms, minmay_temple_entry_statues_pillars

Skill      XL: |  1  2  3 |
---------------+----------+-----
Armour         | 1 |  1.2
Ranged Weapons | 5 |  5.4
Fighting       | 3 |  3.4
Dodging        | |  1.5
Stealth        | |  1.1

Action                     |  1- 3 |  4- 6 || total
---------------------------+-------+-------++-------
   Fire: Shortbow          |   134 |    49 ||   183
    Use: Scroll            |     4 |     1 ||     5
         Potion            |     1 |     3 ||     4
 Armour: Leather armour    |    19 |       ||    19
         Ring mail         |    21 |     8 ||    29
  Dodge: Dodged            |    45 |     6 ||    51

Table legend:
 A = Non-vault XP
 B = Vault XP
 C = Vault XP percentage of total XP
 D = Non-vault monster count
 E = Vault monster count
 F = Vault count percentage of total count
                 A         B        C        D         E       F
            +---------+---------+-------+---------+---------+-------
      Total |     150 |      12 |   7.4 |      51 |       8 |  13.6
            +---------+---------+-------+---------+---------+-------
        D:1 |      35 |       3 |   7.9 |      24 |       2 |   7.7
        D:2 |      27 |       9 |  25.0 |      10 |       6 |  37.5
        D:3 |      88 |       0 |   0.0 |      17 |       0 |   0.0
            +---------+---------+-------+---------+---------+-------
